 Dungeon Crawl Stone Soup version 0.30-a0-883-g5ad918d77d (webtiles) character file.

Game seed: 8451695150063495867

95 lunkers the Gusty (level 5, -9/57 HPs)
             Began as a Meteoran Air Elementalist on Mar 16, 2023.
             Mangled by an orc wizard
             ... wielding a +0 dagger of electrocution
              (18 damage)
             ... on level 3 of the Dungeon.
             The game lasted 00:04:22 (745 turns).

lunkers the Gusty (Meteoran Air Elementalist)        Turns: 745, Time: 00:04:22

Health: -9/57      AC:  2    Str:  9    XL:     5   Next: 18%
Magic:  5/11       EV: 12    Int: 18    God:
Gold:   58         SH:  0    Dex: 15    Spells: 1/11 levels left

rFire   . . .      SeeInvis .    (no weapon)
rCold   . . .      Faith    .    (no shield)
rNeg    . . .      Spirit   .    a - +0 robe
rPois   +          Reflect  .    (no helmet)
rElec   .          Rampage  .    (no cloak)
rCorr   .                        (no gloves)
Will    .....                    (no boots) Stlth
                                 (no amulet)
HPRegen 0.29/turn                g - ring of poison resistance
MPRegen 0.12/turn                (no ring)

@: berserking (expiring), glowing, very quick
A: sense surroundings 1, otherworldly, glowing, explore regen
a: no special abilities


You were on level 3 of the Dungeon.
You visited 1 branch of the dungeon, and saw 3 of its levels.

You collected 58 gold pieces.

Inventory:

Armour
 a - a +0 robe (worn)
Jewellery
 g - a ring of poison resistance (left hand)
 j - a ring of protection from cold
Scrolls
 c - 2 scrolls of identify {unknown}
 i - a scroll of enchant armour {unknown}
 l - a scroll of fog {unknown}
 m - 2 scrolls of fear
 n - a scroll of magic mapping {unknown}
 o - 2 scrolls of teleportation {unknown}
 p - a scroll of poison {unknown}
Potions
 b - a potion of magic
 e - a potion of heal wounds {unknown}
 f - a potion of degeneration {unknown}
 h - a potion of curing {unknown}
 k - a potion of haste {unknown}


   Skills:
 - Level 2.4 Dodging
 - Level 1.4 Stealth
 + Level 3.6 Spellcasting
 + Level 2.8 Conjurations
 * Level 5.1 Air Magic


You had one spell level left.
You knew the following spells:

 Your Spells              Type           Power      Damage    Failure   Level
a - Shock                 Conj/Air       68%        1d7       3%          1
b - Static Discharge      Conj/Air       34%        2-4/arc   4%          2
c - Swiftness             Air            21%        N/A       5%          3
d - Airstrike             Air            10%        2d(2-18)  19%         4

Your spell library contained the following spells:

 Spells                   Type           Power      Damage    Failure   Level


Dungeon Overview and Level Annotations

Branches:
Dungeon (3/15) Zot: 1056

Altars:


Innate Abilities, Weirdness & Mutations

You passively map a small area around you.
You are easily found by Zot.
You glow in the dark.
You regain HP and MP as you explore.


Message History

The zap hits the orc wizard.
The orc wizard is heavily wounded.
The orc wizard gestures at you while chanting.
The magic dart hits you!
Aiming: Shock (safe; 3% risk of failure)
Press: ? - help, Q - select action, (/) - cycle Shift-Dir - straight line, f/p - orc wizard
Aim: an orc wizard, wielding a +0 dagger of electrocution and wearing a +0 robe (heavily wounded, 64% to hit)
The zap hits the orc wizard.
The orc wizard is severely wounded.
The orc wizard points at you and mumbles some strange words.
You are confused.
You're too confused to cast spells.
Unknown command.
You bump into the rock wall.
You bump into the rock wall.
The orc wizard hits you with a +0 dagger of electrocution.
You are electrocuted!
* * * LOW HITPOINT WARNING * * *
It was a potion of berserk rage.
A red film seems to cover your vision as you go berserk!
You feel yourself moving faster!
You feel mighty! The orc wizard misses you.
Unknown command.
You barely miss the orc wizard.
The orc wizard is severely wounded.
Unknown command.
You bump into the rock wall.
The orc wizard points at you and mumbles some strange words.
The magic dart hits you.
* * * LOW HITPOINT WARNING * * *
You bump into the rock wall.
You feel a strong urge to attack something.
You bump into the rock wall.
You feel less confused.
The orc wizard hits you but does no damage.
You closely miss the orc wizard.
The orc wizard is severely wounded.
The orc wizard hits you with a +0 dagger of electrocution.
* * * LOW HITPOINT WARNING * * *
You are electrocuted!!
You die...

* ,,
###*
#.. *
#$# ,
,#.#
,, *
#)# ,
,*
#.# *
#o# *
* ,
#@#*,
, * *
###*,
*** ,
, , ,
*, *
* , ,
* *


You could see an orc wizard.

Vanquished Creatures
  3 gnolls (D:2)
  2 adders (D:2)
  2 dart slugs
  An orc (D:3)
  2 ball pythons (D:1)
  10 endoplasms
  A giant cockroach (D:1)
  3 goblins (D:2)
  3 hobgoblins
  3 jackals (D:2)
  3 bats (D:1)
  A frilled lizard (D:1)
  3 kobolds
  4 rats
41 creatures vanquished.

Notes
Turn   | Place    | Note
-------+----------+-------------------------------------------
     0 | D:1      | lunkers the Meteoran Air Elementalist began the quest for
                  | the Orb.
     0 | D:1      | Reached XP level 1. HP: 14/14 MP: 5/5
    46 | D:1      | Reached XP level 2. HP: 11/20 MP: 2/6
    57 | D:1      | Reached skill level 4 in Air Magic
   130 | D:1      | Learned a level 2 spell: Static Discharge
   206 | D:1      | Reached XP level 3. HP: 26/26 MP: 1/8
   390 | D:2      | Reached XP level 4. HP: 18/33 MP: 0/10
   426 | D:2      | Learned a level 3 spell: Swiftness
   431 | D:2      | Learned a level 4 spell: Airstrike
   532 | D:2      | Reached skill level 5 in Air Magic
   532 | D:2      | Reached XP level 5. HP: 33/38 MP: 4/11
   745 | D:3      | Mangled by an orc wizard

Illustrated notes

Levels and vault maps discovered:
D:1:      lemuel_arrival_lava_pool, layout_basic
D:2:      layout_loops_ring, minmay_misc_feat_doors, chequers_arboretum
D:3:      layout_basic, hellmonk_ecumenical_altar_blasted, serial_shops,
          nicolae_shop_bloodbath_and_beyond, minivault_27, minmay_hedge_maze

Skill      XL: |  1  2  3  4 |
---------------+-------------+-----
Air Magic      | 4 5 |  5.1
Spellcasting   | 3 |  3.6
Conjurations   | 2 |  2.8
Dodging        | |  2.4
Stealth        | |  1.4

Action                     |  1- 3 |  4- 6 || total
---------------------------+-------+-------++-------
  Melee: Unarmed           |       |     2 ||     2
   Cast: Shock             |    49 |    29 ||    78
    Use: Scroll            |     2 |       ||     2
         Potion            |       |     1 ||     1
 Armour: Robe              |    10 |     4 ||    14
  Dodge: Dodged            |    12 |     4 ||    16

Table legend: (Time is in decaauts)
 A = Elapsed time spent in this place.
 B = Non-inter-level travel time spent in this place.
 C = Inter-level travel time spent in this place.
 D = Time resting spent in this place.
 E = Time spent auto-exploring this place.
 F = Levels seen in this place.
 G = Mean time per level.
                   A        B        C        D        E       F      G
               +--------+--------+--------+--------+--------+-----+--------+
         Total |    742 |    709 |     33 |      0 |    452 |   3 |  247.3 |
       Dungeon |    742 |    709 |     33 |      0 |    452 |   3 |  247.3 |
               +--------+--------+--------+--------+--------+-----+--------+

Top non-repeatable levels by time:
     D:2: 416 daAuts
     D:1: 312 daAuts
     D:3: 13 daAuts
